Match 40267038
Unlisted

Match 40267038
End
Kradschützen Motorcycle Team
250 Light Carrier
Selects Panzerjäger Kommand Battlegroup
Panzergrenadier Squad
Construct Light Support Kompanie
Assault Grenadier Squad
Selects GrB 39 Grenade Launcher Requisition
Fire Support Elements
Selects Mine Fields
2.5-tonne Medical Truck
Panzerjäger Mechanized Group
Combat Half-tracks
Construct Panzerarmee Kommand
Panzergrenadier Squad
Selects Crew Shock Tactics
Panzer III L Medium Tank
Assault Mechanized Group
Advanced Optics
Walking Stuka Rocket Launcher
Armored Reserves
Panzer IV Assault Group
Vehicle Survival Package
Advanced Field Repairs
2.5-tonne Medical Truck
Selects Elefant Tank Destroyer
Selects Defensive Positions
Elefant Tank Destroyer
Tiger Heavy Tank
Selects Butterfly Bomb Drop
Butterfly Bomb Drop
Elefant Tank Destroyer
Butterfly Bomb Drop
Tungsten Core Ammunition
Emergency Repair Kits
Butterfly Bomb Drop
Tiger Heavy Tank
Fsihbone
KINGssTIger
[CN&AU] Tony Hu
lengfeng988
victor_hartman
Dylan Il Bellissimo Arrogante
TidaL
We’re the ones who live
0
0

Comments sign in to comment!

No comments posted yet!